 Dungeon Crawl Stone Soup version 0.31-a0-1591-g515db51633 (webtiles) character file.

Game seed: 14300494207917112835

4376 CougarLife the Cleaver (level 10, -1/86 HPs)
             Began as a Minotaur Fighter on Jan 7, 2024.
             Was a Believer of Okawaru.
             Slain by a hornet (5 damage)
             ... while paralysed by a hornet
             ... on level 7 of the Dungeon.
             The game lasted 00:14:27 (5958 turns).

CougarLife the Cleaver (Minotaur Fighter)           Turns: 5958, Time: 00:14:28

Health: -1/86      AC: 11    Str: 26    XL:     10   Next: 13%
Magic:  15/15      EV:  2    Int:  5    God:    Okawaru [**....]
Gold:   415        SH:  0    Dex: 15    Spells: 9/9 levels left

rFire   . . .        a - +0 war axe
rCold   . . .        (no shield)
rNeg    . . .        b - +0 scale mail
rPois   .            (helmet restricted)
rElec   .            E - +0 cloak
rCorr   .            D - +0 pair of gloves
SInv    .            (no boots)
Will    .....        (no amulet)
Stlth   ++           G - +6 ring of dexterity
HPRegen 0.34/turn    (no ring)
MPRegen 0.14/turn

%: no passive effects
@: paralysed, heroic
A: horns 2, retaliatory headbutt
a: Renounce Religion, Heroism


You were on level 7 of the Dungeon.
You worshipped Okawaru.
Okawaru was pleased with you.
You visited 2 branches of the dungeon, and saw 8 of its levels.
You also visited: Ossuary.

You collected 415 gold pieces.

Inventory:

Hand Weapons
 a - a +0 war axe (weapon)
 z - the +9 orcbow of the Teaching Gods {flame, rElec rPois rC+++ Dex-3}
   (You found it on level 4 of the Dungeon)

   Dex-3:     It affects your dexterity (-3).
   rC+++:     It renders you almost immune to cold.
   rElec:     It insulates you from electricity.
   rPois:     It protects you from poison
Missiles
 B - 4 poisoned darts
 J - a throwing net
Armour
 b - a +0 scale mail (worn)
 c - a +0 buckler
 D - a +0 pair of gloves (worn)
 E - a +0 cloak (worn)
Jewellery
 G - a +6 ring of dexterity (left hand)
Wands
 u - a wand of acid (9)
 C - a wand of polymorph (9)
Scrolls
 e - a scroll of torment
 h - 3 scrolls of blinking
 j - a scroll of vulnerability
 k - 3 scrolls of poison
 m - 2 scrolls of immolation
 n - 2 scrolls of teleportation
 o - a scroll of silence {unknown}
 q - 7 scrolls of noise
 w - 3 scrolls of fear {unknown}
 x - a scroll of butterflies {unknown}
 y - a scroll of fog {unknown}
 F - 2 scrolls of enchant weapon
 H - a scroll of revelation {unknown}
 I - a scroll of identify
 L - a scroll of amnesia {unknown}
Potions
 d - 2 potions of might
 f - a potion of brilliance
 g - 3 potions of heal wounds {unknown}
 i - a potion of mutation {unknown}
 l - 2 potions of curing {unknown}
 r - 4 potions of cancellation {unknown}
 s - 2 potions of degeneration {unknown}
 t - 2 potions of attraction {unknown}
 v - a potion of enlightenment {unknown}
 A - a potion of magic {unknown}
 K - a potion of ambrosia {unknown}


   Skills:
 - Level 7.2(12.2) Fighting
 - Level 9.2(14.2) Axes
 - Level 8.0(13.0) Ranged Weapons
 - Level 4.4(9.4) Armour
 - Level 4.4(9.4) Shields
 + Level 8.5 Invocations


You had 9 spell levels left.
You didn't know any spells.
Your spell library contained the following spells:

 Spells                   Type           Power      Damage    Failure   Level
 Sublimation of Blood     Necr           0%         N/A       85%         2
 Call Imp                 Summ           Unusable   N/A       N/A         2
 Summon Hydra             Summ           Unusable   N/A       N/A         7

Dungeon Overview and Level Annotations

Branches:
Dungeon (7/15)             Temple (1/1) D:6         Ossuary (visited)

Altars:
Ashenzari
Cheibriados
Elyvilon
Fedhas
Gozag
Hepliaklqana
Kikubaaqudgha
Makhleb
Nemelex Xobeh
Okawaru
Ru
Sif Muna
Trog
Uskayaw
Vehumet
Wu Jian
Xom
Zin
The Shining One

Shops:
D:5 :=


Innate Abilities, Weirdness & Mutations

You have a pair of horns on your head.
You reflexively headbutt those who attack you in melee.


Message History

Throw: dart (curare)
Press: ? - help, Q - select action, (/) - cycle Shift-Dir - straight line, f - centaur
Aim: a centaur, quivering stones (75% to hit)
You throw a curare-tipped dart.
The curare-tipped dart hits the centaur.
The centaur is poisoned.
The centaur struggles to breathe.
The centaur seems to slow down.
The centaur is heavily wounded.
The centaur closely misses you.
The centaur kicks you but does no damage.
You slash the centaur!
The centaur is almost dead.
The centaur barely misses you.
The centaur kicks you but does no damage.
You hit the centaur but do no damage.
The centaur is almost dead.
The centaur hits you but does no damage.
The centaur kicks you but does no damage.
You slash the centaur!
You kill the centaur!
Okawaru accepts your kill.
Unknown command.
You hit the hornet. Your headbutt misses the hornet.
The hornet is lightly wounded.
The hornet stings you but does no damage.
You slash the hornet! Your punch misses the hornet.
The hornet is heavily wounded.
The hornet stings you but does no damage.
You hit the hornet.
The hornet is heavily wounded.
The hornet barely misses you.
You barely miss the hornet.
You headbutt the hornet, but do no damage.
The hornet is heavily wounded.
The hornet closely misses you. You furiously retaliate!
You headbutt the hornet! The hornet stings you.
* * * LOW HITPOINT WARNING * * *
You suddenly lose the ability to move!
The hornet stings you.
You die...

♣...# #♣♣♣♣.# #...†.#
### ######.### ♣.♣
♣..♣#.....# ♣
♣.♣♣♣..♣♣#.♣♣♣.# ...
♣.♣♣..♣♣...♣ ♣.#
♣♣..♣♣♣♣.♣..♣♣.♣♣.♣♣♣.#
♣...oy@...))).♣♣♣.....#
#######...##### #######
........... ###..###.##
#.## .# #. # ##


You could see a hornet and an orc.

Vanquished Creatures
  Grinder (D:5)
  A shadow (D:7)
  A wyvern (D:5)
  A steam dragon (D:7)
  2 orc warriors (D:7)
  3 sky beasts (D:7)
  2 water moccasins
  6 black bears
  An ice beast (D:6)
  3 ogres
  2 centaurs
  A phantom (D:5)
  4 elf zombies (Ossuary)
  3 scorpions
  A burial acolyte (Ossuary)
  A wight (D:7)
  2 howler monkeys
  3 bombardier beetles
  2 human zombies (Ossuary)
  3 jellies
  3 iron imps (D:6)
  4 orc priests
  3 centaur zombies (Ossuary)
  3 hounds
  A spectral scorpion (Ossuary)
  2 sleepcaps (D:7)
  4 orc wizards
  3 iguanas
  A hound zombie (Ossuary)
  4 mummies
  5 gnolls
  11 adders
  4 white imps
  4 ufetubi
  4 adder zombies (Ossuary)
  3 ribbon worms
  7 dart slugs
  31 orcs
  6 endoplasms
  4 giant cockroaches
  9 goblins
  6 hobgoblins
  8 kobolds
  3 quokkas (D:1)
  11 ball pythons
  3 ball python zombies (Ossuary)
  6 bats
  4 frilled lizards
  2 gnoll zombies (Ossuary)
  A goblin zombie (D:4)
  4 jackal zombies (Ossuary)
  4 kobold zombies (Ossuary)
  An orc zombie (D:4)
  6 rats
218 creatures vanquished.

Notes
Turn   | Place    | Note
-------+----------+-------------------------------------------
     0 | D:1      | CougarLife the Minotaur Fighter began the quest for the
                  | Orb.
     0 | D:1      | Reached XP level 1. HP: 19/19 MP: 0/0
   260 | D:1      | Reached XP level 2. HP: 26/26 MP: 1/1
   349 | D:1      | Reached skill level 3 in Axes
   438 | D:1      | Reached XP level 3. HP: 27/33 MP: 2/2
   655 | D:2      | Found a bloodstained altar of Trog.
   715 | D:2      | Found a faded altar of an unknown god.
   854 | D:2      | Reached skill level 4 in Axes
   854 | D:2      | Reached XP level 4. HP: 29/41 MP: 3/3
  1373 | D:3      | Found a broken altar of Ashenzari.
  1500 | D:3      | Found a snail-covered altar of Cheibriados.
  1500 | D:3      | Noticed a torpor snail
  1523 | D:3      | Reached XP level 5. HP: 45/47 MP: 4/4
  1678 | D:3      | Reached skill level 5 in Axes
  1918 | D:3      | Reached skill level 5 in Fighting
  2125 | D:3      | Found a glowing silver altar of Zin.
  2125 | D:3      | Noticed an angel
  2167 | D:4      | Noticed a black bear
  2177 | D:4      | Killed a black bear
  2178 | D:4      | Reached skill level 6 in Axes
  2178 | D:4      | Reached XP level 6. HP: 48/56 MP: 5/5
  2233 | D:4      | Found a sand-covered staircase.
  2260 | Ossuary  | Entered an ossuary
  2318 | Ossuary  | Reached skill level 7 in Axes
  2436 | Ossuary  | Reached XP level 7. HP: 55/63 MP: 6/6
  2574 | Ossuary  | Reached skill level 8 in Axes
  2859 | D:4      | Identified the +9 orcbow of the Teaching Gods {flame, rElec
                  | rPois rC+++ Dex-3}
  2971 | D:4      | Reached skill level 9 in Axes
  2984 | D:4      | Found the +18 Lear's hauberk
  3100 | D:4      | Reached XP level 8. HP: 70/73 MP: 7/7
  3276 | D:4      | Found a blossoming altar of Fedhas.
  3279 | D:4      | Identified the +4 flail of Loena Emi {heavy, Int+2}
  3435 | D:5      | Entered Level 5 of the Dungeon
  3460 | D:5      | Reached skill level 1 in Ranged Weapons
  3509 | D:5      | Found an iron altar of Okawaru.
  3875 | D:5      | Became a worshipper of Warmaster Okawaru
  3904 | D:5      | Noticed Grinder
  3915 | D:5      | Killed Grinder
  3916 | D:5      | Reached skill level 5 in Ranged Weapons
  4144 | D:5      | Found Niemineu's Jewellery Boutique.
  4227 | D:5      | Reached XP level 9. HP: 79/79 MP: 8/8
  4537 | D:5      | Found a radiant altar of Vehumet.
  4608 | D:5      | Found Xolesk's Book Emporium.
  4686 | D:6      | Found a staircase to the Ecumenical Temple.
  4696 | D:6      | Reached skill level 1 in Invocations
  4703 | Temple   | Entered the Ecumenical Temple
  4783 | D:6      | Reached * piety under Okawaru
  4809 | D:6      | Found a sparkling altar of Nemelex Xobeh.
  4876 | D:6      | Found an ornate altar of the Wu Jian Council.
  5049 | D:6      | Found a burning altar of Makhleb.
  5379 | D:7      | Reached skill level 5 in Invocations
  5684 | D:7      | Reached ** piety under Okawaru
  5922 | D:7      | Reached XP level 10. HP: 33/86 MP: 11/15
  5947 | D:7      | HP: 4/86 [centaur/arrow (5)]
  5957 | D:7      | HP: 4/86 [hornet (3)]
  5957 | D:7      | Paralysed by a hornet for 3 turns
  5958 | D:7      | Slain by a hornet

Illustrated notes

Levels and vault maps discovered:
D:1:      dpeg_arrival_rooms_a, layout_loops_ring
D:2:      layout_basic, basic_altar, shapermc_ecumenical_altar_starsandcircs,
          minmay_fractal_squares_5
D:3:      layout_loops_cross, cheibriados_altar_2,
          mainiacjoe_overflow_boulevard, zin_angel
D:4:      layout_basic, fedhas_altar_2, nicolae_ossuary_entry_giza,
          kennysheep_nondescript
D:5:      layout_cave_pools, kennysheep_mini, mainiacjoe_overflow_paths,
          serial_shops, shop, nicolae_book_shop_shelving,
          minmay_fractal_squares_diagonal_5, uniq_grinder
D:6:      layout_rooms, demons_altar, nemelex_spade_bored_becter,
          amcnicky_altar_gilded, minmay_temple_entry_grid
D:7:      nzn_winding_woodlands_medium [nzn_winding_woodlands_5x5_checkerboard,
          nzn_winding_woodlands_5x15_sawtooth,
          nzn_winding_woodlands_5x5_closed_star,
          nzn_winding_woodlands_5x5_open_star,
          nzn_winding_woodlands_center_pierced_h,
          nzn_winding_woodlands_5x5_three, nzn_winding_woodlands_5x5_default,
          nzn_winding_woodlands_5x15_pockets,
          nzn_winding_woodlands_5x5_perimeter], layout_loops_ring,
          grunt_decor_junction, uniq_menkaure
Temple:   dpeg_chambers_temple

Skill      XL: |  1  2  3  4  5  6  7  8  9 |
---------------+----------------------------+-----
Armour         | 4 |  4.4
Shields        | 4 |  4.4
Axes           | 3 4 6 7 9 |  9.2
Fighting       | 4 5 6 7 |  7.2
Ranged Weapons | 7 8 |  8.0
Invocations    | 8 |  8.5

Action                     |  1- 3 |  4- 6 |  7- 9 | 10-12 || total
---------------------------+-------+-------+-------+-------++-------
  Melee: War axe           |    80 |   136 |   179 |    24 ||   419
         Headbutt          |    11 |    18 |    36 |     5 ||    70
         Punch             |       |       |     1 |     1 ||     2
   Fire: Orcbow            |       |       |   149 |       ||   149
  Throw: Dart              |       |     1 |     4 |     4 ||     9
 Invoke: Heroism           |       |       |     1 |       ||     1
    Use: Scroll            |       |     3 |     6 |       ||     9
 Armour: Scale mail        |    47 |   113 |   173 |    20 ||   353
  Dodge: Dodged            |    40 |    58 |   103 |    13 ||   214
  Block: Buckler           |    32 |    27 |    22 |       ||    81

Table legend: (Time is in decaauts)
 A = Elapsed time spent in this place.
 B = Non-inter-level travel time spent in this place.
 C = Inter-level travel time spent in this place.
 D = Time resting spent in this place.
 E = Time spent auto-exploring this place.
 F = Levels seen in this place.
 G = Mean time per level.
                   A        B        C        D        E       F      G
               +--------+--------+--------+--------+--------+-----+--------+
         Total |   6068 |   5903 |    165 |    836 |   3526 |   9 |  674.2 |
       Dungeon |   5575 |   5410 |    165 |    760 |   3380 |   7 |  796.4 |
        Temple |      1 |      1 |      0 |      0 |      0 |   1 |    1.0 |
       Ossuary |    492 |    492 |      0 |     76 |    146 |   1 |  492.0 |
               +--------+--------+--------+--------+--------+-----+--------+

Top non-repeatable levels by time:
     D:5: 1034 daAuts
     D:4: 1028 daAuts
     D:3: 832 daAuts
     D:2: 696 daAuts
     D:7: 683 daAuts
     D:1: 677 daAuts
     D:6: 622 daAuts
 Ossuary: 492 daAuts
  Temple: 1 daAuts
